 Dungeon Crawl Stone Soup version 0.30.0-29-ga12c61a403 (webtiles) character file.

Game seed: 16676477639544878731

669 soylentgreeen202 the Covert (level 7, -3/36 HPs)
             Began as a Kobold Brigand on June 3, 2023.
             Was a Follower of Hepliaklqana.
             Killed by divine providence
             ... invoked by an orc priest
              (9 damage)
             ... on level 5 of the Dungeon on June 5, 2023.
             The game lasted 00:30:48 (5378 turns).

soylentgreeen202 the Covert (Kobold Brigand)        Turns: 5378, Time: 00:30:49

Health: -3/36      AC:  9    Str:  8    XL:     7   Next: 89%
Magic:  7/7        EV: 13    Int: 12    God:    Hepliaklqana [*.....]
Gold:   170        SH:  0    Dex: 19    Spells: 6/6 levels left

rFire   . . .        a - +3 dagger
rCold   . . .        (no shield)
rNeg    . . .        m - +3 leather armour
rPois   .            (no helmet)
rElec   .            c - +2 cloak
rCorr   .            (no gloves)
SInv    .            (no boots)
Will    .....        (no amulet)
Stlth   +++++        (no ring)
HPRegen 0.26/turn    (no ring)
MPRegen 0.10/turn

%: no passive effects
@: no status effects
A: reduced essence, small, no large weapons, nightstalker 3
a: Renounce Religion, Recall Ancestor, Ancestor Identity


You were on level 5 of the Dungeon.
You worshipped Hepliaklqana.
Hepliaklqana was aware of your devotion.
You visited 1 branch of the dungeon, and saw 5 of its levels.

You collected 170 gold pieces.

Inventory:

Hand Weapons
 a - a +3 dagger (weapon)
 q - a +0 short sword
Missiles
 d - 12 poisoned darts (quivered)
 e - 3 curare-tipped darts
 i - 32 stones
Armour
 b - a +0 robe
 c - a +2 cloak (worn)
 g - a +0 leather armour
 m - a +3 leather armour (worn)
Jewellery
 k - a ring of positive energy
 z - a ring of resist corrosion
Wands
 u - a wand of quicksilver (12)
Scrolls
 r - a scroll of enchant armour
 s - a scroll of fear
 t - 4 scrolls of immolation
 x - 2 scrolls of teleportation {unknown}
 y - a scroll of amnesia {unknown}
 A - a scroll of noise {unknown}
Potions
 f - a potion of brilliance
 h - 5 potions of curing
 j - 2 potions of mutation
 l - a potion of flight {unknown}
 n - 2 potions of lignification
 o - a potion of cancellation
 p - a potion of attraction {unknown}
 v - a potion of berserk rage {unknown}
 w - 3 potions of heal wounds {unknown}


   Skills:
 - Level 2.1 Fighting
 - Level 7.0 Short Blades
 + Level 2.5 Throwing
 * Level 2.9 Armour
 - Level 1.2 Dodging
 * Level 8.8 Stealth


You had 6 spell levels left.
You didn't know any spells.
Your spell library contained the following spells:

 Spells                   Type           Power      Damage    Failure   Level
 Poisonous Vapours        Pois/Air       0%         N/A       56%         2
 Mephitic Cloud           Conj/Pois/Air  0%         N/A       80%         3
 Fireball                 Conj/Fire      0%         3d3       100%        5
 Freezing Cloud           Conj/Ice/Air   0%         6-21      100%        5
 Iskenderun's Battlesphe  Conj           0%         2d6       100%        5
 Conjure Ball Lightning   Conj/Air       0%         3x3d6     100%        6
 Orb of Destruction       Conj           0%         9d5       100%        7


Dungeon Overview and Level Annotations

Branches:
Dungeon (5/15)
 Temple: D:4-7

Altars:
Hepliaklqana
Makhleb
Qazlal
Ru
Xom

Annotations:
D:3 exclusion: downstairs


Innate Abilities, Weirdness & Mutations

Your life essence is reduced to manifest your ancestor. (-10% HP)
You are small and have problems with some larger weapons.
You are completely attuned to the shadows.


Message History

The orc hits Gaius with a +0 flail of holy wrath!
The orc wizard closely misses you.
You hit the orc wizard.
You kill the orc wizard!
Gaius hits the orc.
The orc priest barely misses you.
The orc priest misses Gaius.
The orc closely misses you.
Gaius hits the orc.
The orc dies!
Things that are here:
a +0 dagger; a +0 robe; an orc corpse You hit the orc priest.
The orc priest is moderately wounded.
The orc priest mumbles some strange prayers to Beogh against you.
Beogh smites you!
You closely miss the orc priest.
The orc priest is moderately wounded.
Gaius hits the orc priest.
The orc priest hits you but does no damage.
The orc priest hits Gaius with a +0 hand axe.
You hit the orc priest but do no damage.
The orc priest is severely wounded.
Gaius barely misses the orc priest.
You hit the orc priest.
The orc priest is severely wounded.
The orc priest mumbles some strange prayers to Beogh against you.
Beogh smites you!
* * * LOW HITPOINT WARNING * * *
You closely miss the orc priest.
The orc priest is severely wounded.
Gaius hits the orc priest.
The orc priest hits you but does no damage.
The orc priest hits Gaius with a +0 hand axe.
You closely miss the orc priest.
The orc priest is almost dead.
Gaius barely misses the orc priest.
You hit the orc priest but do no damage.
The orc priest is almost dead.
The orc priest mumbles some strange prayers to Beogh against you.
Beogh smites you!
You die...

..# #........
..#####........
...............
................#
................#
................#####
###'###.............#
#.....#.........R)..#
#.....#.........@o..#
#'#####.............#
..........#######+###
..........# ..#
..........# ...#
..........# . #..#
############..###..#
...#.......#....<..#
...#.......#.......#


You could see the friendly Gaius the ancestor and an orc priest (ally target).

Vanquished Creatures
  Sigmund (D:3)
  An ogre (D:5)
  A scorpion (D:5)
  A hound (D:5)
  2 orc priests
  3 orc wizards
  An iguana (D:3)
  3 worms
  3 dart slugs
  10 orcs
  5 ball pythons
  6 endoplasms
  A giant cockroach (D:3)
  9 goblins
  6 hobgoblins
  6 jackals
  7 kobolds
  2 quokkas
  5 bats
  2 frilled lizards
  5 rats
80 creatures vanquished.

Vanquished Creatures (collateral kills)
  An orc priest (D:5)
  An iguana (D:3)
  An adder (D:4)
  An ufetubus (D:4)
  5 orcs
  A quokka (D:4)
10 creatures vanquished.

Grand Total: 90 creatures vanquished

Notes
Turn   | Place    | Note
-------+----------+-------------------------------------------
     0 | D:1      | soylentgreeen202 the Kobold Brigand began the quest for the
                  | Orb.
     0 | D:1      | Reached XP level 1. HP: 12/12 MP: 1/1
   304 | D:1      | Reached XP level 2. HP: 17/17 MP: 2/2
   793 | D:2      | Reached XP level 3. HP: 21/21 MP: 3/3
  1379 | D:2      | Found a hazy altar of Hepliaklqana.
  1385 | D:2      | Became a worshipper of Hepliaklqana the Forgotten
  1475 | D:2      | Reached skill level 5 in Short Blades
  1614 | D:2      | Identified the +4 robe of Distant Shores {*Slow rElec rCorr
                  | SInv}
  2220 | D:3      | Noticed Sigmund
  2243 | D:3      | Killed Sigmund
  2244 | D:3      | Reached skill level 8 in Stealth
  2244 | D:3      | Reached XP level 4. HP: 24/26 MP: 4/4
  2244 | D:3      | Reached XP level 5. HP: 28/30 MP: 5/5
  2244 | D:3      | Reached XP level 6. HP: 33/35 MP: 6/6
  2284 | D:3      | Noticed an eye of devastation
  2285 | D:3      | Found a faded altar of an unknown god.
  2285 | D:3      | Noticed an eye of devastation
  2288 | D:3      | Noticed a shining eye
  2290 | D:3      | Noticed a floating eye
  2465 | D:3      | Reached skill level 1 in Armour
  3267 | D:4      | Reached * piety under Hepliaklqana
  3268 | D:4      | Upgraded the game from 0.30.0-20-g3b4254fcbd to
                  | 0.30.0-29-ga12c61a403
  4062 | D:4      | Found a burning altar of Makhleb.
  4117 | D:4      | Reached XP level 7. HP: 36/36 MP: 7/7
  4550 | D:3      | Found a stormy altar of Qazlal.
  4550 | D:3      | Found a shimmering altar of Xom.
  4624 | D:5      | Entered Level 5 of the Dungeon
  4681 | D:4      | Found a sacrificial altar of Ru.
  5378 | D:5      | Killed from afar by an orc priest

Illustrated notes

Levels and vault maps discovered:
D:1:      ebering_hopf_link, layout_loops_ring, amcnicky_mini_pool_small
D:2:      layout_basic, basic_altar
D:3:      layout_loops_cross, nicolae_overflow_hidden_temple,
          hellmonk_ecumenical_altar_watching_god, uniq_sigmund
D:4:      layout_loops_ring, nicolae_ru_the_path_less_chosen,
          lightli_temple_of_fire, minivault_5
D:5:      layout_gridville, okawaru_trees_1, dk_noncrumbling_3

Skill      XL: |  1  2  3  4  5  6  7 |
---------------+----------------------+-----
Short Blades   | 3 4 5 6 7 |  7.0
Stealth        | 8 |  8.8
Armour         | 2 |  2.9
Fighting       | |  2.1
Throwing       | |  2.5
Dodging        | |  1.2

Action                     |  1- 3 |  4- 6 |  7- 9 || total
---------------------------+-------+-------+-------++-------
  Melee: Dagger            |    70 |    83 |    70 ||   223
         Punch             |       |     1 |     2 ||     3
  Throw: Dart              |     8 |    16 |     1 ||    25
 Invoke: Ancestor Identity |       |     2 |     1 ||     3
         Recall Ancestor   |       |     1 |       ||     1
    Use: Scroll            |     9 |     2 |     4 ||    15
   Stab: Sleeping          |    20 |    11 |     2 ||    33
         Distracted        |       |     1 |     1 ||     2
 Armour: Robe              |    22 |    13 |       ||    35
         Leather armour    |       |       |     9 ||     9
  Dodge: Dodged            |    52 |    54 |    21 ||   127
